TOP OF THE 1ST |
University of Oklahoma Sooners batting - Pitching for University of Alabama Crimson Tide : RHP Dwayne Boivin
|
Pitching: RHP Ken McGee
|
|
Batting: RHB Jesus Montoya
|
0-0: Called Strike 0-1: Foul Ball, location: 2F 0-2: Ball 1-2: Ball 2-2: Strikes out looking
|
Batting: LHB Cameron Marinelli
|
0-0: Ball 1-0: Ball 2-0: Swinging Strike 2-1: Ball 3-1: Foul Ball, location: 2F 3-2: Ground out U3 (Groundball, 34, EV 80.0 MPH)
|
Batting: RHB Jon Chatman
|
0-0: Called Strike 0-1: Ball 1-1: DOUBLE (Flyball, 8RXD, EV 101.2 MPH)
|
Batting: LHB Alex Gutierrez
|
0-0: Ball 1-0: Foul Ball, location: 2F 1-1: Ball 2-1: Called Strike 2-2: Foul Ball, location: 2F 2-2: Foul Ball, location: 2F 2-2: Ball 3-2: Strikes out swinging
|
Top of the 1st over - 0 runs, 1 hit, 0 errors, 1 left on base; University of Oklahoma 0 - University of Alabama 0 |
BOTTOM OF THE 1ST |
University of Alabama Crimson Tide batting - Pitching for University of Oklahoma Sooners : RHP Sam Herrick
|
Pitching: RHP Sam Herrick
|
|
Batting: RHB Danny Rosario
|
0-0: Called Strike 0-1: Foul Ball, location: 2F 0-2: Ball 1-2: Strikes out swinging
|
Batting: LHB Danny Schultz
|
0-0: Fly out, F4 (Popup, 4S, EV 72.5 MPH)
|
Batting: RHB Matt Williams
|
0-0: Ball 1-0: Ball 2-0: Called Strike 2-1: Ball 3-1: Ground out 5-3 (Groundball, 56, EV 81.2 MPH)
|
Bottom of the 1st over - 0 runs, 0 hits, 0 errors, 0 left on base; University of Oklahoma 0 - University of Alabama 0 |
TOP OF THE 2ND |
University of Oklahoma Sooners batting - Pitching for University of Alabama Crimson Tide : RHP Ken McGee
|
Pitching: RHP Justin Hillard
|
|
Batting: RHB Suk Hahn
|
0-0: Called Strike 0-1: Swinging Strike 0-2: Fly out, F8 (Flyball, 8RM, EV 81.9 MPH)
|
Batting: LHB Alex Benabides
|
0-0: Ball 1-0: SINGLE (Flyball, 8LS, EV 89.4 MPH)
|
Batting: RHB Victor Borras
|
0-0: Called Strike Alex Benabides steals 2nd base 0-1: Ground out 5-3 (Groundball, 56S, EV 88.1 MPH)
|
Batting: LHB Toby Clark
|
0-0: Ball 1-0: Foul Ball, location: 2F 1-1: Called Strike 1-2: Ball 2-2: Foul Ball, location: 2F 2-2: Ball 3-2: Fly out, F6 (Popup, 6S, EV 65.0 MPH)
|
Top of the 2nd over - 0 runs, 1 hit, 0 errors, 1 left on base; University of Oklahoma 0 - University of Alabama 0 |
BOTTOM OF THE 2ND |
University of Alabama Crimson Tide batting - Pitching for University of Oklahoma Sooners : RHP Sam Herrick
|
Batting: RHB Justin Gray
|
0-0: Called Strike 0-1: Ball 1-1: Foul Ball, location: 2F 1-2: Ball 2-2: Strikes out swinging
|
Batting: RHB Juan Araiza
|
0-0: Ball 1-0: Called Strike 1-1: Ball 2-1: Ball 3-1: Base on Balls
|
Batting: LHB Brian Van
|
0-0: Ball 1-0: Foul Ball, location: 2F 1-1: Ball 2-1: Foul Ball, location: 2F 2-2: Ball 3-2: Fielders Choice at 2nd, 3-6 (Groundball, 3, EV 101.2 MPH)
|
Batting: RHB B.J. Clark
|
0-0: Ball 1-0: Ball Brian Van is caught stealing 2nd base 2-4
|
Bottom of the 2nd over - 0 runs, 0 hits, 0 errors, 0 left on base; University of Oklahoma 0 - University of Alabama 0 |
TOP OF THE 3RD |
University of Oklahoma Sooners batting - Pitching for University of Alabama Crimson Tide : RHP Justin Hillard
|
Batting: RHB Sam Mason
|
0-0: Ball 1-0: Foul Ball, location: 2F 1-1: Fly out, F8 (Flyball, 8LM, EV 95.0 MPH)
|
Batting: RHB Jesus Montoya
|
0-0: Swinging Strike 0-1: Swinging Strike 0-2: Ball 1-2: Ball 2-2: Ground out 4-3 (Groundball, 4, EV 101.9 MPH)
|
Batting: LHB Cameron Marinelli
|
0-0: Fly out, F8 (Line Drive, 78M, EV 89.4 MPH)
|
Top of the 3rd over - 0 runs, 0 hits, 0 errors, 0 left on base; University of Oklahoma 0 - University of Alabama 0 |
BOTTOM OF THE 3RD |
University of Alabama Crimson Tide batting - Pitching for University of Oklahoma Sooners : RHP Sam Herrick
|
Batting: RHB B.J. Clark
|
0-0: Ball 1-0: Fly out, F7 (Flyball, 7, EV 93.8 MPH)
|
Batting: RHB David Sanchez
|
0-0: Called Strike 0-1: Ground out 5-3 (Groundball, 56D, EV 110.0 MPH)
|
Batting: RHB Hughie Withers
|
0-0: Ball 1-0: Ball 2-0: Called Strike 2-1: Foul Ball, location: 2F 2-2: Foul Ball, location: 2F 2-2: Ground out 5-3 (Groundball, 56, EV 79.4 MPH)
|
Bottom of the 3rd over - 0 runs, 0 hits, 0 errors, 0 left on base; University of Oklahoma 0 - University of Alabama 0 |
TOP OF THE 4TH |
University of Oklahoma Sooners batting - Pitching for University of Alabama Crimson Tide : RHP Justin Hillard
|
Pitching: RHP Danny Jaramillo
|
|
Batting: RHB Jon Chatman
|
0-0: Ball 1-0: Foul Ball, location: 2F 1-1: Ball 2-1: Foul Ball, location: 2F 2-2: Ground out 6-3 (Groundball, 6, EV 78.8 MPH)
|
Batting: LHB Alex Gutierrez
|
0-0: Ball 1-0: Fly out, F9 (Flyball, 9D, EV 95.6 MPH)
|
Batting: RHB Suk Hahn
|
0-0: Ball 1-0: Fly out, F4 (Line Drive, 4, EV 74.4 MPH)
|
Top of the 4th over - 0 runs, 0 hits, 0 errors, 0 left on base; University of Oklahoma 0 - University of Alabama 0 |
BOTTOM OF THE 4TH |
University of Alabama Crimson Tide batting - Pitching for University of Oklahoma Sooners : RHP Sam Herrick
|
Batting: RHB Danny Rosario
|
0-0: Fly out, F9 (Flyball, 9, EV 89.4 MPH)
|
Batting: LHB Danny Schultz
|
0-0: Called Strike 0-1: Swinging Strike 0-2: Foul Ball, location: 2F 0-2: Strikes out swinging
|
Batting: RHB Matt Williams
|
0-0: Called Strike 0-1: Ball 1-1: Called Strike 1-2: Ball 2-2: Strikes out swinging
|
Bottom of the 4th over - 0 runs, 0 hits, 0 errors, 0 left on base; University of Oklahoma 0 - University of Alabama 0 |
TOP OF THE 5TH |
University of Oklahoma Sooners batting - Pitching for University of Alabama Crimson Tide : RHP Danny Jaramillo
|
Pitching: RHP Jose Benavidez
|
|
Now at 3B: Mike Bidwell
|
|
Now at SS: Platon Protopsaltis
|
|
Batting: LHB Alex Benabides
|
0-0: Called Strike 0-1: Ground out 6-3 (Groundball, 6, EV 103.1 MPH)
|
Batting: RHB Victor Borras
|
0-0: Foul Ball, location: 2F 0-1: Called Strike 0-2: Ball 1-2: Foul Ball, location: 2F 1-2: Strikes out swinging passed ball, reaches first!
|
Batting: LHB Toby Clark
|
0-0: Ball Victor Borras steals 2nd base 1-0: Called Strike 1-1: Called Strike 1-2: 2-RUN HOME RUN (Line Drive, 89XD, EV 113.1 MPH), Distance : 441 ft
|
Batting: RHB Sam Mason
|
0-0: Swinging Strike 0-1: SOLO HOME RUN (Flyball, 7D, EV 111.9 MPH), Distance : 415 ft
|
Pitching: RHP Alejandro Gomez
|
|
Pinch Hitting: RHB Virgil Wenz
|
0-0: SINGLE (Groundball, 34D, EV 100.6 MPH)
|
Batting: LHB Cameron Marinelli
|
|
Pinch Hitting: RHB Myles Sabine
|
0-0: Ball Virgil Wenz steals 2nd base 1-0: Swinging Strike 1-1: Ball 2-1: Swinging Strike 2-2: Ball 3-2: Strikes out swinging
|
Batting: RHB Jon Chatman
|
0-0: Ball 1-0: Called Strike 1-1: Ball 2-1: Ball 3-1: Swinging Strike 3-2: Base on Balls
|
Batting: LHB Paul Mooris
|
0-0: Called Strike Jon Chatman steals 2nd, throwing error, E2 Virgil Wenz scores Jon Chatman to third 0-1: Foul Ball, location: 2F 0-2: Ball 1-2: Fly out, F7 (Line Drive, 7LM, EV 92.5 MPH)
|
Top of the 5th over - 4 runs, 3 hits, 1 error, 1 left on base; University of Oklahoma 4 - University of Alabama 0 |
BOTTOM OF THE 5TH |
University of Alabama Crimson Tide batting - Pitching for University of Oklahoma Sooners : RHP Sam Herrick
|
Now at C: Ben Gappa
|
|
Now at 1B: Sugiarto Kartosuwiryo
|
|
Now at 2B: Benedetto Legnano
|
|
Now in CF: Kjeld Leen
|
|
Batting: RHB Justin Gray
|
0-0: Called Strike 0-1: Fly out, F8 (Flyball, 8LXD, EV 100.6 MPH)
|
Batting: RHB Juan Araiza
|
0-0: Called Strike 0-1: Foul Ball, location: 2F 0-2: Foul Ball, location: 2F 0-2: Strikes out looking
|
Batting: LHB Brian Van
|
0-0: Ground out 5-3 (Groundball, 25, EV 88.1 MPH)
|
Bottom of the 5th over - 0 runs, 0 hits, 0 errors, 0 left on base; University of Oklahoma 4 - University of Alabama 0 |
TOP OF THE 6TH |
University of Oklahoma Sooners batting - Pitching for University of Alabama Crimson Tide : RHP Alejandro Gomez
|
Now at 1B: Onorato Zacagnini
|
|
Now in LF: Yu-shu Ni
|
|
Now in RF: Robby Ramires
|
|
Pinch Hitting: SHB Orlando Uribe
|
0-0: SINGLE (Line Drive, 78S, EV 111.2 MPH)
|
Pinch Hitting: RHB Eric Peterson
|
0-0: Ball Orlando Uribe steals 2nd base 1-0: Called Strike Orlando Uribe steals 3rd, throwing error, E2 Orlando Uribe scores 1-1: Ball 2-1: Swinging Strike 2-2: Ground out 6-3 (Groundball, P, EV 83.1 MPH)
|
Batting: RHB Sugiarto Kartosuwiryo
|
0-0: Ball 1-0: Called Strike 1-1: Ball 2-1: Foul Ball, location: 2F 2-2: Foul Ball, location: 2F 2-2: Foul Ball, location: 2F 2-2: Ball 3-2: Fly out, F8 (Flyball, 78S, EV 81.2 MPH)
|
Pinch Hitting: RHB David Stuckey
|
0-0: Ball 1-0: Swinging Strike 1-1: Swinging Strike 1-2: Ball 2-2: Ball 3-2: Strikes out swinging
|
Top of the 6th over - 1 run, 1 hit, 1 error, 0 left on base; University of Oklahoma 5 - University of Alabama 0 |
BOTTOM OF THE 6TH |
University of Alabama Crimson Tide batting - Pitching for University of Oklahoma Sooners : RHP Sam Herrick
|
Now at 3B: Ruben Arreola
|
|
Now in LF: Min-zhong Ching
|
|
Now in RF: Pedro Marrero
|
|
Batting: RHB B.J. Clark
|
0-0: Ball 1-0: Ball 2-0: Swinging Strike 2-1: SINGLE (Groundball, 56, EV 107.5 MPH) (infield hit)
|
Batting: RHB David Sanchez
|
0-0: Ball 1-0: Ball 2-0: Called Strike 2-1: Called Strike 2-2: Foul Ball, location: 2F 2-2: Grounds into double play, 4-6-3 (Groundball, 4, EV 92.5 MPH)
|
Batting: RHB Hughie Withers
|
0-0: Called Strike 0-1: Ball 1-1: Called Strike 1-2: Fly out, F8 (Flyball, 8RXD, EV 99.4 MPH)
|
Bottom of the 6th over - 0 runs, 1 hit, 0 errors, 0 left on base; University of Oklahoma 5 - University of Alabama 0 |
TOP OF THE 7TH |
University of Oklahoma Sooners batting - Pitching for University of Alabama Crimson Tide : RHP Alejandro Gomez
|
Now at C: Larry Brown
|
|
Now at 2B: Jong-your Lee
|
|
Now in CF: Joe Blackwood
|
|
Batting: RHB Sam Mason
|
0-0: Swinging Strike 0-1: SOLO HOME RUN (Flyball, 78XD, EV 116.2 MPH), Distance : 442 ft
|
Batting: RHB Kjeld Leen
|
0-0: Called Strike 0-1: Swinging Strike 0-2: Ball 1-2: Foul Ball, location: 2F 1-2: Strikes out swinging
|
Batting: RHB Ben Gappa
|
0-0: Called Strike 0-1: Swinging Strike 0-2: Ground out U3 (Groundball, 3L, EV 90.6 MPH)
|
Batting: SHB Benedetto Legnano
|
0-0: Ball 1-0: Ground out 4-3 (Groundball, 34, EV 110.6 MPH)
|
Top of the 7th over - 1 run, 1 hit, 0 errors, 0 left on base; University of Oklahoma 6 - University of Alabama 0 |
BOTTOM OF THE 7TH |
University of Alabama Crimson Tide batting - Pitching for University of Oklahoma Sooners : RHP Sam Herrick
|
Pitching: LHP Chris Taggart
|
|
Batting: LHB Platon Protopsaltis
|
0-0: Called Strike 0-1: TRIPLE (Flyball, 9D, EV 110.0 MPH)
|
Batting: LHB Yu-shu Ni
|
0-0: Ground out 4-3 (Groundball, 4, EV 111.2 MPH) Platon Protopsaltis scores
|
Batting: SHB Mike Bidwell
|
0-0: Called Strike 0-1: Called Strike 0-2: Strikes out looking
|
Batting: RHB Fernando Reyes
|
0-0: Foul Ball, location: 2F 0-1: Ball 1-1: Called Strike 1-2: Foul Ball, location: 2F 1-2: Strikes out swinging
|
Bottom of the 7th over - 1 run, 1 hit, 0 errors, 0 left on base; University of Oklahoma 6 - University of Alabama 1 |
TOP OF THE 8TH |
University of Oklahoma Sooners batting - Pitching for University of Alabama Crimson Tide : RHP Alejandro Gomez
|
Pitching: RHP Luiz Schantz
|
|
Batting: LHB Paul Mooris
|
0-0: Called Strike 0-1: Ball 1-1: Called Strike 1-2: Foul Ball, location: 2F 1-2: Foul Ball, location: 2F 1-2: Foul Ball, location: 2F 1-2: Ball 2-2: Foul Ball, location: 2F 2-2: Ball 3-2: Strikes out swinging
|
Batting: RHB Ruben Arreola
|
0-0: Foul Ball, location: 2F 0-1: Ground out 4-3 (Groundball, 4, EV 87.5 MPH)
|
Batting: LHB Min-zhong Ching
|
0-0: Ball 1-0: Foul Ball, location: 2F 1-1: Foul Ball, location: 2F 1-2: Ground out 4-3 (Groundball, 4D, EV 103.8 MPH)
|
Top of the 8th over - 0 runs, 0 hits, 0 errors, 0 left on base; University of Oklahoma 6 - University of Alabama 1 |
BOTTOM OF THE 8TH |
University of Alabama Crimson Tide batting - Pitching for University of Oklahoma Sooners : LHP Chris Taggart
|
Batting: LHB Robby Ramires
|
0-0: Ground out 4-3 (Groundball, 34, EV 83.1 MPH)
|
Batting: RHB Onorato Zacagnini
|
0-0: Ball 1-0: Fly out, F8 (Flyball, 8RD, EV 100.0 MPH)
|
Pinch Hitting: SHB Andrew Robison
|
0-0: Ball 1-0: Foul Ball, location: 2F 1-1: Fly out, F8 (Flyball, 8RD, EV 106.9 MPH)
|
Bottom of the 8th over - 0 runs, 0 hits, 0 errors, 0 left on base; University of Oklahoma 6 - University of Alabama 1 |
TOP OF THE 9TH |
University of Oklahoma Sooners batting - Pitching for University of Alabama Crimson Tide : RHP Luiz Schantz
|
Pitching: RHP Chad Wickel
|
|
Now in CF: John Hicken
|
|
Batting: RHB Sugiarto Kartosuwiryo
|
0-0: Ground out U3 (Groundball, 34D, EV 87.5 MPH)
|
Batting: LHB Pedro Marrero
|
0-0: Ball 1-0: Ball 2-0: Ball 3-0: Called Strike 3-1: Foul Ball, location: 2F 3-2: Ground out 4-3 (Groundball, 4M, EV 107.5 MPH)
|
Batting: RHB Sam Mason
|
0-0: Called Strike 0-1: Foul Ball, location: 2F 0-2: Foul Ball, location: 2F 0-2: Foul Ball, location: 2F 0-2: Strikes out swinging
|
Top of the 9th over - 0 runs, 0 hits, 0 errors, 0 left on base; University of Oklahoma 6 - University of Alabama 1 |
BOTTOM OF THE 9TH |
University of Alabama Crimson Tide batting - Pitching for University of Oklahoma Sooners : LHP Chris Taggart
|
Pitching: LHP Logan Watson
|
|
Batting: RHB Jong-your Lee
|
0-0: SINGLE (Groundball, 6S, EV 97.5 MPH)
|
Pinch Hitting: LHB Matt Barkley
|
0-0: Called Strike 0-1: Swinging Strike 0-2: Ball 1-2: Ball 2-2: Strikes out swinging
|
Batting: LHB Platon Protopsaltis
|
0-0: Fly out, F6 (Popup, 6S, EV 69.4 MPH)
|
Batting: LHB Yu-shu Ni
|
0-0: Ball 1-0: Ball 2-0: Ball 3-0: Called Strike 3-1: Fielders Choice at 2nd, U6 (Groundball, 6M, EV 100.6 MPH)
|
Bottom of the 9th over - 0 runs, 1 hit, 0 errors, 1 left on base; University of Oklahoma 6 - University of Alabama 1 |
|